 Dungeon Crawl Stone Soup version 0.28-a0-1206-g193881aaa2 (webtiles) character file.

Game seed: 395186232000159934

52567 Crownlay the Earth Mage (level 14, -14/88 HPs)
             Began as a Gargoyle Earth Elementalist on Dec 20, 2021.
             Was a High Priest of Vehumet.
             Demolished by an orc warlord (25 damage)
             ... on level 1 of the Orcish Mines.
             The game lasted 00:51:41 (22686 turns).

Crownlay the Earth Mage (GrEE)                     Turns: 22686, Time: 00:51:42

Health: -14/88     AC: 17    Str: 14    XL:     14   Next: 64%
Magic:  42/50      EV: 11    Int: 19    God:    Vehumet [*****.]
Gold:   1496       SH:  9    Dex: 10    Spells: 37/41 levels left

rFire   + . .      SeeInvis +   C - +5 long sword (protect)
rCold   + . .      Faith    .   r - +0 buckler
rNeg    + + .      Spirit   .   m - +3 leather armour "Doesm" {rN+ SInv}
rPois   ∞          Reflect  +   (no helmet)
rElec   +          Harm     .   G - scarf {rC+ rF+}
rCorr   .          Rampage  .   (no gloves)
Will    +....                   N - +0 pair of boots {Stlth+}
Stlth   +++.......              J - amulet of reflection
HPRegen 0.24/turn               E - ring of magical power
MPRegen 0.32/turn               x - ring of magical power

@: flying
A: sickness immunity, AC +10, big wings, negative energy resistance 1,
electricity resistance, torment resistance 1, petrification resistance
a: Renounce Religion


You were on level 1 of the Orcish Mines.
You worshipped Vehumet.
Vehumet was extremely pleased with you.
You visited 4 branches of the dungeon, and saw 19 of its levels.
You also visited: Ossuary.

You collected 1496 gold pieces.

Inventory:

Hand Weapons
 y - the +10 dark maul {vorpal}
   (You took it off a two-headed ogre on level 1 of the Orcish Mines)

   It inflicts extra damage upon your enemies.
 C - a +5 long sword of protection (weapon)
Missiles
 w - 21 stones
Armour
 m - the +3 leather armour "Doesm" (worn) {rN+ SInv}
   (You found it on level 7 of the Dungeon)

   rN:        It protects you from negative energy.
   SInv:      It lets you see invisible.
 r - a +0 buckler (worn)
 G - a scarf of resistance (worn)
 N - a +0 pair of boots of stealth (worn)
Jewellery
 f - a ring of see invisible
 l - a ring of protection from fire
 x - a ring of magical power (right hand)
 E - a ring of magical power (left hand)
 J - an amulet of reflection (around neck)
Wands
 p - a wand of mindburst (14)
 H - a wand of flame (33)
Scrolls
 b - 3 scrolls of holy word
 h - a scroll of noise {unknown}
 k - 6 scrolls of teleportation
 o - 6 scrolls of amnesia
 s - 2 scrolls of fog
 v - 4 scrolls of enchant armour
 z - 4 scrolls of vulnerability
 A - 4 scrolls of magic mapping
 D - 3 scrolls of fear
 I - a scroll of acquirement {unknown}
 L - 2 scrolls of silence {unknown}
 M - 2 scrolls of summoning {unknown}
Potions
 a - 3 potions of haste {unknown}
 c - 3 potions of attraction {unknown}
 d - 4 potions of brilliance {unknown}
 e - 10 potions of degeneration
 g - 2 potions of cancellation {unknown}
 i - 6 potions of heal wounds {unknown}
 n - 4 potions of might {unknown}
 q - 2 potions of berserk rage {unknown}
 t - 7 potions of flight {unknown}
 u - 10 potions of curing
 B - 4 potions of mutation {unknown}
 K - 2 potions of lignification {unknown}


   Skills:
 - Level 10.2 Fighting
 - Level 1.5 Dodging
 - Level 2.1 Stealth
 - Level 4.0 Shields
 - Level 14.0 Spellcasting
 - Level 10.0 Conjurations
 - Level 0.7 Transmutations
 * Level 17.2 Earth Magic
 - Level 5.0 Evocations


You had 37 spell levels left.
You knew the following spells:

 Your Spells              Type           Power      Damage    Failure   Level
a - Sandblast             Erth           100%       2d20      0%          1
b - Stone Arrow           Conj/Erth      100%       3d13      1%          3

Your spell library contained the following spells:

 Spells                   Type           Power      Damage    Failure   Level
 Flame Wave               Conj/Fire      32%        2d7       2%          4
 Shock                    Conj/Air       100%       1d9       1%          1
 Passwall                 Tmut/Erth      39%        N/A       1%          2
 Mephitic Cloud           Conj/Pois/Air  25%        N/A       1%          3
 Animate Armour           Summ/Erth      92%        N/A       1%          4
 Petrify                  Tmut/Erth      47%        N/A       1%          4
 Iron Shot                Conj/Erth      30%        9d6       1%          6
 Beastly Appendage        Tmut           32%        N/A       4%          1
 Ignite Poison            Fire/Tmut/Pois 14%        N/A       4%          3
 Frozen Ramparts          Ice            26%        1d4       5%          3
 Irradiate                Conj/Tmut      16%        3d19      5%          5
 Animate Skeleton         Necr           26%        N/A       6%          1
 Apportation              Tloc           26%        N/A       6%          1
 Summon Small Mammal      Summ           52%        N/A       6%          1
 Wereblood                Tmut           16%        N/A       7%          2
 Ensorcelled Hibernation  Hex/Ice        26%        N/A       10%         2
 Freezing Cloud           Conj/Ice/Air   12%        6-21      12%         5
 Spider Form              Tmut/Pois      14%        N/A       16%         3
 Airstrike                Air            6%         N/A       16%         4
 Call Canine Familiar     Summ           13%        N/A       19%         3
 Summon Guardian Golem    Hex/Summ       13%        N/A       19%         3
 Swiftness                Air            13%        N/A       19%         3
 Tukima's Dance           Hex            13%        N/A       19%         3
 Orb of Destruction       Conj           25%        9d10      22%         7
 Ice Form                 Ice/Tmut       14%        N/A       47%         4
 Summon Ice Beast         Ice/Summ       13%        N/A       52%         4
 Blade Hands              Tmut           8%         N/A       78%         5
 Alistair's Intoxication  Tmut/Pois      9%         N/A       83%         5
 Discord                  Hex            6%         N/A       100%        8
 Sublimation of Blood     Necr           Unusable   N/A       N/A         2

Dungeon Overview and Level Annotations

Branches:
Dungeon (11/15)            Temple (1/1) D:4            Lair (6/6) D:9
 Shoals (0/4) Lair:2       Spider (0/4) Lair:3        Slime (0/5) Lair:6
    Orc (1/2) D:9         Ossuary (visited)

Altars:
Ashenzari
Cheibriados
Dithmenos
Elyvilon
Gozag
Hepliaklqana
Kikubaaqudgha
Makhleb
Nemelex Xobeh
Okawaru
Ru
Sif Muna
Uskayaw
Vehumet
Wu Jian
Xom
Yredelemnul
Zin
The Shining One
Beogh

Shops:
D:6 *

Annotations:
D:9 1 runed translucent door, ThreePoint314's ghost, novice DsIE


Innate Abilities, Weirdness & Mutations

You are immune to sickness and miasma.
Your stone body is resilient. (AC +10)
You are immune to poison.
Your large and strong wings let you fly.
You resist negative energy. (rN+)
You are resistant to electric shocks. (rElec)
You are resistant to unholy torment.
You are immune to petrification.


Message History

Evoke which item? (* to show all) (? for menu, Esc to quit)
Okay, then.
Aiming: Mindburst
Press: ? - help, Shift-Dir - straight line, f/p - orc warlord
Aim: an orc warlord, wielding a +0 great sword and wearing a +2 plate armour of fire resistance (severely wounded, chance to affect: 51%)
The orc warlord resists with significant effort.
You block the orc warlord's attack.
Aiming: Mindburst
Press: ? - help, Shift-Dir - straight line, f/p - orc warlord
Aim: an orc warlord, wielding a +0 great sword and wearing a +2 plate armour of fire resistance (severely wounded, chance to affect: 51%)
The orc warlord resists with significant effort.
The orc warlord hits you with a +0 great sword!!!
You hear two shouts!
You are too injured to fight recklessly!
Casting: Stone Arrow (safe; 1% risk of failure)
Confirm with . or Enter, or press ? or * to list all spells.
Aiming: Stone Arrow (safe; 1% risk of failure)
Press: ? - help, Shift-Dir - straight line, f/p - orc warlord
Aim: an orc warlord, wielding a +0 great sword and wearing a +2 plate armour of fire resistance (severely wounded, 87% to hit)
The stone arrow hits the orc warlord!
The orc warlord is severely wounded.
The orc warlord hits you with a +0 great sword!!
* * * LOW HITPOINT WARNING * * *
Casting: Stone Arrow (safe; 1% risk of failure)
Confirm with . or Enter, or press ? or * to list all spells.
Aiming: Stone Arrow (safe; 1% risk of failure)
Press: ? - help, Shift-Dir - straight line, f/p - orc warlord
Aim: an orc warlord, wielding a +0 great sword and wearing a +2 plate armour of fire resistance (severely wounded, 87% to hit)
The stone arrow misses the orc warlord.
The orc warlord hits you with a +0 great sword.
* * * LOW HITPOINT WARNING * * *
Casting: Stone Arrow (safe; 1% risk of failure)
Confirm with . or Enter, or press ? or * to list all spells.
Aiming: Stone Arrow (safe; 1% risk of failure)
Press: ? - help, Shift-Dir - straight line, f/p - orc warlord
Aim: an orc warlord, wielding a +0 great sword and wearing a +2 plate armour of fire resistance (severely wounded, 87% to hit)
The stone arrow hits the orc warlord!!
The orc warlord is almost dead.
The orc warlord hits you with a +0 great sword!!
You die...

)#.##
#.........#.......
)...#
#.........###.....
...## ###......##
#..... .).# #......#
####.. #.####
###..#### .. .....#
#########....# ..
#....#
.......'....##
##...# .......'.o.##
#....###########@.##
##...).###...).)..#
..>....##....)##.##
#.......#......###
##.............# ###
### ###.........###
##.# #.# #........##
##..## ##..
##.......# #....###
###... #......####
###....#.###.....


You could see an orc warlord.

Vanquished Creatures
  2 orc warlords (Orc:1)
  Snorg (Lair:4)
  A boulder beetle (Lair:2)
  2 hydras (Lair:5)
  3 two-headed ogres
  4 catoblepae
  Urug (Orc:1)
  9 death yaks
  13 spriggans (Lair:6)
  An orc knight (Orc:1)
  A cyclops (Orc:1)
  6 elephants
  5 black mambas
  Maurice (D:10)
  12 cane toads
  2 rime drakes (Lair:6)
  A kobold demonologist (D:11)
  5 komodo dragons
  A jumping spider (Lair:3)
  3 polar bears (Lair:6)
  A troll (D:11)
  9 hornets
  Grinder (D:6)
  A dream sheep (Lair:6)
  23 blink frogs
  A meliai zombie (D:11)
  Sigmund (D:4)
  3 wraiths
  A shadow (D:9)
  5 wyverns
  7 basilisks
  26 yaks
  2 wargs (Orc:1)
  2 acid dragons
  18 water moccasins
  2 hornet zombies
  16 orc warriors
  A swamp drake (D:9)
  11 black bears
  A necrophage (D:5)
  A sky beast (D:5)
  4 boggarts (Lair:6)
  24 wolves
  3 centaurs
  4 ogres
  A phantom (D:6)
  An elf zombie (Ossuary)
  2 gnoll sergeants
  2 kobold brigands
  Blork the orc (D:6)
  A wyvern zombie (D:7)
  15 bullfrogs
  7 scorpions
  A water moccasin skeleton (D:7)
  6 killer bees (D:11)
  3 wights (D:8)
  A howler monkey (D:8)
  A centaur zombie (Ossuary)
  A bullfrog zombie (D:6)
  2 hounds
  A human zombie (Ossuary)
  8 jellies
  5 orc priests
  A centaur skeleton (D:3)
  2 bullfrog skeletons
  5 iguanas
  Natasha (D:2)
  15 orc wizards
  4 hell rats (Lair:6)
  2 killer bee zombies
  2 mummies (Ossuary)
  2 howler monkey skeletons
  4 howler monkey zombies
  9 gnolls
  6 adders
  A white imp (D:6)
  2 adder zombies (Ossuary)
  2 worms
  4 dart slugs
  48 orcs
  7 bats
  3 endoplasms
  5 giant cockroaches
  8 goblins
  11 hobgoblins
  4 jackals (D:1)
  A quokka (D:1)
  6 ball pythons
  2 frilled lizards
  3 goblin zombies (Ossuary)
  11 hobgoblin zombies (Ossuary)
  2 jackal zombies (Ossuary)
  9 kobolds
  10 kobold zombies (Ossuary)
  5 orc zombies (Ossuary)
  2 rats
  A rat zombie (Ossuary)
501 creatures vanquished.

Vanquished Creatures (others)
  An orc wizard (D:9)
  36 fungi
  40 plants
77 creatures vanquished.

Grand Total: 578 creatures vanquished

Notes
Turn   | Place    | Note
-------+----------+-------------------------------------------
     0 | D:1      | Crownlay the Gargoyle Earth Elementalist began the quest
                  | for the Orb.
     0 | D:1      | Reached XP level 1. HP: 10/10 MP: 3/3
   160 | D:1      | Reached XP level 2. HP: 15/15 MP: 5/5
   336 | D:1      | Reached skill level 4 in Earth Magic
   501 | D:1      | Reached XP level 3. HP: 19/19 MP: 7/7
  1667 | D:2      | Reached XP level 4. HP: 23/24 MP: 9/9
  1750 | D:2      | Noticed Natasha
  1759 | D:2      | Killed Natasha
  2129 | D:3      | Reached XP level 5. HP: 28/28 MP: 10/10
  2466 | D:3      | Reached skill level 5 in Earth Magic
  2720 | D:4      | Found a staircase to the Ecumenical Temple.
  2736 | D:4      | Reached XP level 6. HP: 20/32 MP: 0/13
  2778 | D:4      | Found a sand-covered staircase.
  2790 | D:4      | Reached skill level 5 in Spellcasting
  2867 | Ossuary  | Entered an ossuary
  2982 | Ossuary  | Learned a level 3 spell: Stone Arrow
  3244 | Ossuary  | Reached skill level 6 in Earth Magic
  3244 | Ossuary  | Reached XP level 7. HP: 34/36 MP: 1/15
  3512 | Temple   | Entered the Ecumenical Temple
  3620 | Temple   | Became a worshipper of Vehumet
  4381 | D:4      | Noticed Sigmund
  4391 | D:4      | Killed Sigmund
  4392 | D:4      | Reached skill level 7 in Earth Magic
  4392 | D:4      | Reached XP level 8. HP: 37/41 MP: 11/18
  4743 | D:4      | Found a sacrificial altar of Ru.
  4926 | D:5      | Entered Level 5 of the Dungeon
  5406 | D:5      | Reached skill level 8 in Earth Magic
  6084 | D:6      | Noticed Blork the orc
  6090 | D:6      | Killed Blork the orc
  6216 | D:6      | Noticed Grinder
  6426 | D:6      | Reached XP level 9. HP: 38/45 MP: 12/21
  6523 | D:6      | Reached * piety under Vehumet
  6523 | D:6      | Offered knowledge of Magic Dart by Vehumet.
  6621 | D:6      | Killed Grinder
  6622 | D:6      | Reached skill level 9 in Earth Magic
  6925 | D:6      | Found Varghayme's Lightly-Used Armoury.
  7098 | D:7      | Identified the +3 leather armour "Doesm" {rN+ SInv}
  7135 | D:7      | Reached skill level 10 in Spellcasting
  7246 | D:7      | Reached skill level 10 in Earth Magic
  7401 | D:7      | Reached XP level 10. HP: 50/50 MP: 24/24
  7525 | D:8      | Noticed a two-headed ogre
  7532 | D:8      | Killed a two-headed ogre
  7532 | D:8      | Offered knowledge of Scorch by Vehumet.
  7635 | D:8      | Reached ** piety under Vehumet
  7692 | D:8      | Reached skill level 1 in Fighting
  7692 | D:8      | Reached skill level 1 in Conjurations
  8175 | D:8      | Got Kaoxitw Meem's Almanac of Hurtful Beguiling
  8487 | D:8      | Offered knowledge of Searing Ray by Vehumet.
  8650 | D:9      | Noticed a deep elf pyromancer
  8650 | D:9      | Noticed ThreePoint314's ghost (novice DsIE)
  8650 | D:9      | Found a runed translucent door.
  8734 | D:9      | Found a staircase to the Lair.
  8841 | D:9      | Reached *** piety under Vehumet
  8899 | D:9      | Found a staircase to the Orcish Mines.
  9217 | D:9      | Offered knowledge of Inner Flame by Vehumet.
  9218 | D:9      | Reached skill level 5 in Fighting
  9218 | D:9      | Reached XP level 11. HP: 63/63 MP: 27/27
  9366 | D:9      | Reached skill level 5 in Conjurations
  9958 | D:10     | Entered Level 10 of the Dungeon
 10555 | D:10     | Noticed Maurice
 10563 | D:10     | Killed Maurice
 11051 | D:11     | Reached **** piety under Vehumet
 11602 | D:11     | Offered knowledge of Lightning Bolt by Vehumet.
 12218 | Lair:1   | Entered Level 1 of the Lair of Beasts
 12294 | Lair:1   | Found a shimmering altar of Xom.
 12411 | Lair:1   | Reached XP level 12. HP: 73/73 MP: 28/28
 13330 | Lair:2   | Found an ornate altar of the Wu Jian Council.
 13330 | Lair:2   | Found a hide-covered altar of Uskayaw.
 13330 | Lair:2   | Noticed a boulder beetle
 13343 | Lair:2   | Killed a boulder beetle
 13344 | Lair:2   | Reached skill level 10 in Fighting
 14226 | Lair:2   | Found a staircase to the Shoals.
 14388 | Lair:3   | Reached skill level 1 in Shields
 14430 | Lair:3   | Noticed a catoblepas
 14465 | Lair:3   | Killed a catoblepas
 14734 | Lair:3   | You fall into a shaft and drop 3 floors!
 14734 | Lair:6   | Entered Level 6 of the Lair of Beasts
 14739 | Lair:6   | Noticed a catoblepas
 14751 | Lair:6   | Killed a catoblepas
 14897 | Lair:6   | Reached ***** piety under Vehumet
 15022 | Lair:6   | Offered knowledge of Ozocubu's Refrigeration by Vehumet.
 15209 | Lair:5   | Reached skill level 11 in Earth Magic
 15359 | Lair:5   | Reached XP level 13. HP: 62/82 MP: 30/30
 15741 | Lair:3   | Found a hole to the Spider Nest.
 16498 | Lair:4   | Noticed Snorg
 16505 | Lair:4   | Killed Snorg
 16506 | Lair:4   | Reached skill level 12 in Earth Magic
 17439 | Lair:5   | Reached skill level 1 in Evocations
 18332 | Lair:5   | Reached skill level 13 in Earth Magic
 18720 | Lair:6   | Found a staircase to the Slime Pits.
 18792 | Lair:6   | Reached skill level 10 in Conjurations
 19288 | Lair:6   | Reached skill level 14 in Earth Magic
 19657 | Lair:6   | Gained mutation: Your large and strong wings let you fly.
                  | [Gargoyle growth]
 19657 | Lair:6   | Reached XP level 14. HP: 11/88 MP: 32/32
 20089 | Lair:6   | Offered knowledge of Flame Wave by Vehumet.
 20221 | Lair:6   | Reached skill level 15 in Earth Magic
 20261 | Lair:6   | Reached skill level 5 in Evocations
 20731 | Lair:6   | Reached skill level 16 in Earth Magic
 21450 | Orc:1    | Entered Level 1 of the Orcish Mines
 21742 | Orc:1    | Noticed an orc warlord
 21820 | Orc:1    | Killed an orc warlord
 22095 | Orc:1    | Noticed an orc warlord
 22102 | Orc:1    | Noticed an orc warlord
 22163 | Orc:1    | Killed an orc warlord
 22164 | Orc:1    | Reached skill level 17 in Earth Magic
 22507 | Orc:1    | Noticed Urug
 22515 | Orc:1    | Killed Urug
 22686 | Orc:1    | Demolished by an orc warlord

Illustrated notes

Levels and vault maps discovered:
D:1:      lemuel_arrival_rhombus, layout_loops_ring, minmay_surrounded
D:2:      layout_loops_corners, uniq_natasha
D:3:      layout_rooms
D:4:      layout_loops_ring, lemuel_coloured_pillars_altar,
          minmay_temple_entry_large_hall, lightli_ossuary_entry_decrepit_ruins,
          uniq_sigmund
D:5:      layout_basic
D:6:      layout_cave_pools, minmay_tree_intersection, minmay_shop_damaged,
          minmay_pentangle, uniq_grinder, uniq_blork_the_orc
D:7:      layout_basic
D:8:      layout_basic, hangedman_decor_push
D:9:      layout_gridville, minmay_lair_entry_grove, erik_orc_1,
          ebering_ghost_inner_flame
D:10:     layout_gridville, chequers_serial_rivers_room_a, uniq_maurice
D:11:     layout_basic
Temple:   kilobyte_greek_temple
Lair:1:   layout_cave_pods, basic_altar
Lair:2:   layout_layer_cave, elwin_shoals_entry_rooms,
          nzn_masters_of_martial_movement, serial_bayou_shore_b
Lair:3:   layout_hall_layers, spider_nest_entry_rubble,
          infiniplex_staircase_pool_2, grunt_megastairs_2
Lair:4:   layout_regular_city, uniq_snorg
Lair:5:   layout_cave_pods
Lair:6:   minmay_lair_end_enchanted_forest, layout_loops_ring,
          minmay_slime_entry_pillars, grunt_megastairs_1
Orc:1:    layout_diamond_mine, basic_altar, hellmonk_bongcloud_opening,
          hellmonk_guarded_unrand_dark_maul, uniq_urug

Skill      XL: |  1  2  3  4  5  6  7  8  9 10 11 12 13 14 |
---------------+-------------------------------------------+-----
Earth Magic    | 4 5 6 7 8 10 11 14 17 | 17.2
Spellcasting   | 3 4 5 6 8 10 12 13 14 | 14.0
Fighting       | 5 7 10 | 10.2
Conjurations   | 4 8 10 | 10.0
Shields        | 4 |  4.0
Evocations     | 4 5 |  5.0
Dodging        | |  1.5
Stealth        | |  2.1
Transmutations | |  0.7

Action                   |  1- 3 |  4- 6 |  7- 9 | 10-12 | 13-15 || total
-------------------------+-------+-------+-------+-------+-------++-------
Melee: Mace              |    90 |       |       |       |       ||    90
       Short sword       |    18 |    53 |    47 |     5 |     2 ||   125
 Cast: Sandblast         |       |    57 |    63 |   330 |   243 ||   693
       Stone Arrow       |       |       |    70 |   167 |   184 ||   421
Evoke: Wand              |       |       |       |     1 |    24 ||    25
  Use: Scroll            |       |     3 |     1 |     3 |    12 ||    19
       Potion            |       |       |       |       |     1 ||     1
 Stab: Sleeping          |     3 |     1 |     1 |       |       ||     5
Armor: Robe              |    87 |    42 |    25 |       |       ||   154
       Leather armour    |       |       |     3 |   142 |   127 ||   272
Dodge: Dodged            |   102 |    35 |    60 |   136 |   121 ||   454
Block: Other             |       |       |       |    15 |    62 ||    77
       Reflection        |       |       |       |     1 |     4 ||     5
       Buckler           |       |       |       |       |    17 ||    17

Table legend: (Time is in decaauts)
 A = Elapsed time spent in this place.
 B = Non-inter-level travel time spent in this place.
 C = Inter-level travel time spent in this place.
 D = Time resting spent in this place.
 E = Time spent auto-exploring this place.
 F = Levels seen in this place.
 G = Mean time per level.
                   A        B        C        D        E       F      G
               +--------+--------+--------+--------+--------+-----+--------+
         Total |  22760 |  21915 |    845 |    609 |  18183 |  20 | 1138.0 |
       Dungeon |  11509 |  11040 |    469 |    155 |   9366 |  11 | 1046.3 |
        Temple |    205 |    144 |     61 |      0 |    133 |   1 |  205.0 |
          Lair |   9216 |   8902 |    314 |    205 |   7554 |   6 | 1536.0 |
  Orcish Mines |   1235 |   1235 |      0 |    249 |    672 |   1 | 1235.0 |
       Ossuary |    593 |    593 |      0 |      0 |    458 |   1 |  593.0 |
               +--------+--------+--------+--------+--------+-----+--------+

Top non-repeatable levels by time:
  Lair:6: 2517 daAuts
  Lair:5: 2146 daAuts
  Lair:4: 1432 daAuts
     D:4: 1418 daAuts
     D:9: 1377 daAuts
  Lair:2: 1241 daAuts
   Orc:1: 1235 daAuts
    D:11: 1185 daAuts
     D:8: 1134 daAuts
     D:5: 1116 daAuts
     D:2: 1067 daAuts
     D:6: 1048 daAuts
    D:10: 1045 daAuts
  Lair:1: 974 daAuts
     D:1: 945 daAuts
